 Dungeon Crawl Stone Soup version 0.29.1-2-gbd0b4ee654 (webtiles) character file.

Game seed: 12943230196798432621

60 twiked the Chopper (level 4, 0/41 HPs)
             Began as a Hill Orc Berserker on Nov 30, 2022.
             Was a Follower of Trog.
             Slain by Grinder (3 damage)
             ... on level 3 of the Dungeon.
             The game lasted 00:03:56 (1245 turns).

twiked the Chopper (Hill Orc Berserker)             Turns: 1245, Time: 00:03:56

Health: 0/41       AC:  3    Str: 21    XL:     4   Next: 4%
Magic:  4/4        EV: 12    Int:  7    God:    Trog [*.....]
Gold:   94         SH:  0    Dex: 10    Spells: 3/3 levels left

rFire   . . .      SeeInvis .   a - +0 hand axe
rCold   . . .      Faith    .   (no shield)
rNeg    . . .      Spirit   .   b - +0 animal skin
rPois   +          Reflect  .   (no helmet)
rElec   .          Harm     .   h - +0 cloak
rCorr   .          Rampage  .   (no gloves)
Will    .....                   (no boots)
Stlth   +.........              (no amulet)
HPRegen 0.13/turn               p - ring of poison resistance
MPRegen 0.09/turn               (no ring)

@: on berserk cooldown, slowed, very slow
A: no striking features
a: Renounce Religion, Berserk


You were on level 3 of the Dungeon.
You worshipped Trog.
Trog was aware of your devotion.
You visited 1 branch of the dungeon, and saw 3 of its levels.

You collected 94 gold pieces.

Inventory:

Hand Weapons
 a - a +0 hand axe (weapon)
 f - a +0 short sword of speed
Missiles
 d - 3 atropa-tipped darts (quivered)
Armour
 b - a +0 animal skin (worn)
 h - a +0 cloak (worn)
Jewellery
 p - a ring of poison resistance (left hand)
Scrolls
 c - 4 scrolls of enchant armour {unknown}
 e - 2 scrolls of magic mapping {unknown}
 g - 2 scrolls of identify {unknown}
 i - 2 scrolls of butterflies {unknown}
 j - a scroll of teleportation {unknown}
 m - a scroll of amnesia {unknown}
 n - a scroll of blinking {unknown}
Potions
 k - a potion of might {unknown}
 l - 2 potions of haste
 o - a potion of heal wounds {unknown}


   Skills:
 + Level 4.4 Fighting
 + Level 5.3 Axes
 + Level 2.2 Armour
 + Level 2.0 Dodging


You had 3 spell levels left.
You didn't know any spells.
Your spell library contained the following spells:

 Spells                   Type           Power      Damage    Failure   Level
 Wereblood                Tmut           0%         N/A       56%         2
 Spider Form              Tmut/Pois      0%         N/A       80%         3
 Statue Form              Tmut/Erth      0%         N/A       100%        6
 Discord                  Hex            0%         N/A       100%        8


Dungeon Overview and Level Annotations

Branches:
Dungeon (3/15)

Altars:
Elyvilon

Annotations:
D:3 Grinder


Message History

You closely miss the jackal. The jackal bites you.
You slash the jackal!
You kill the jackal!
Trog accepts your kill.
Your Dodging skill increases to level 2!
The jackal barks!
Grinder blinks!
You see here a jackal corpse.
You slash the jackal!
You kill the jackal!
Trog accepts your kill.
You are no longer berserk.
You are exhausted.
You feel yourself slow down.
You see here a jackal corpse.
You feel the effects of Trog's Hand fading.
You see here a jackal corpse.
Grinder gestures at you. You resist with almost no effort.
You closely miss Grinder.
Grinder is moderately wounded.
Grinder hits you.
You writhe in agony.
Grinder hits you.
You writhe in agony.
Your skin stops crawling.
You feel less strong-willed. Grinder gestures at you.
You suddenly lose the ability to move!
Grinder says, "I used to sell toenails on the black market."
Grinder hits you but does no damage. Grinder hits you.
You writhe in agony.
Grinder hits you.
You writhe in agony.
* * * LOW HITPOINT WARNING * * *
Grinder hits you.
* * * LOW HITPOINT WARNING * * *
Grinder barely misses you.
You can move again.
You barely miss Grinder.
Grinder is moderately wounded.
Grinder hits you!
* * * LOW HITPOINT WARNING * * *
Grinder hits you.
You die...

#.# #.# #.# #.#
#.# #5# #.#
#.#############
#.††5@........#
#
#############.#
.# #.# ####.##
#.# ....... #.#
....... #.#
....... #.#
....... #.#
....... #.#


You could see Grinder (fast).

Vanquished Creatures
  2 adders
  5 orcs (D:3)
  2 ball pythons
  3 giant cockroaches
  3 goblins
  4 hobgoblins (D:2)
  3 jackals (D:3)
  4 kobolds
  4 bats
  A frilled lizard (D:2)
  3 rats (D:2)
34 creatures vanquished.

Notes
Turn   | Place    | Note
-------+----------+-------------------------------------------
     0 | D:1      | twiked the Hill Orc Berserker began the quest for the Orb.
     0 | D:1      | Reached XP level 1. HP: 19/19 MP: 1/1
    73 | D:1      | You fall into a shaft and drop 1 floor!
    95 | D:2      | Reached XP level 2. HP: 15/27 MP: 2/2
   261 | D:2      | Found a faded altar of an unknown god.
   369 | D:2      | Got the Essays on Shapeshifting and Imprecation
   518 | D:2      | Reached XP level 3. HP: 31/33 MP: 3/3
   786 | D:3      | Found a white marble altar of Elyvilon.
   807 | D:3      | Reached skill level 5 in Axes
   955 | D:3      | Reached ** piety under Trog
  1215 | D:3      | Noticed Grinder
  1231 | D:3      | Reached XP level 4. HP: 41/41 MP: 4/4
  1241 | D:3      | Paralysed by Grinder for 4 turns
  1245 | D:3      | Slain by Grinder

Illustrated notes

Levels and vault maps discovered:
D:1:      psy_arrival_radial01, layout_loops_ring, serial_forest,
          infiniplex_forest_straight_5, infiniplex_forest_end_1,
          infiniplex_forest_clump_medium, infiniplex_forest_clump_curved,
          infiniplex_forest_straight_4, infiniplex_forest_zigzag_2,
          infiniplex_forest_lined_3_way, chequers_hall_statues_wall_a
D:2:      layout_rooms, ebering_ecumenical_altar_sacrificial, kennysheep_potato
D:3:      layout_basic, overflow_temple_1_default, grunt_decor_resistance,
          minmay_stone_trees_small, uniq_grinder

Skill      XL: |  1  2  3  4 |
---------------+-------------+-----
Fighting       | 4 |  4.4
Axes           | 5 |  5.3
Dodging        | 2 |  2.0
Armour         | |  2.2

Action                   |  1- 3 |  4- 6 || total
-------------------------+-------+-------++-------
Melee: Hand axe          |    80 |     5 ||    85
Invok: Berserk           |     3 |       ||     3
       Trog's Hand       |     1 |       ||     1
 Stab: Sleeping          |     1 |       ||     1
Armor: Animal skin       |    37 |     2 ||    39
Dodge: Dodged            |    61 |     1 ||    62
